 Dungeon Crawl Stone Soup version 0.18.1-50-g88ac8fd (webtiles) character file.

14296 magog001 the Whirler (level 12, -4/120 HPs)
             Began as a Halfling Fighter on Sept 13, 2017.
             Was a Believer of Nemelex Xobeh.
             Slain by a hill giant
             ... wielding a +0 giant club
              (11 damage)
             ... on level 11 of the Dungeon.
             The game lasted 01:35:10 (12972 turns).

magog001 the Whirler (Halfling Fighter)            Turns: 12972, Time: 01:35:11

Health: -4/120     AC: 24    Str: 23    XL:     12   Next: 43%
Magic:  9/11       EV:  8    Int:  7    God:    Nemelex Xobeh [**....]
Gold:   755        SH: 12    Dex: 15    Spells: 0 memorised, 11 levels left

rFire  x . .     SeeInvis +     n - +2 hand axe (venom)
rCold  + + .     Gourm    .     Q - +4 plate armour
rNeg   . . .     Faith    .     c - +0 shield
rPois  .         Spirit   .     J - +2 helmet
rElec  +         Dismiss  .     (no cloak)
rCorr  .         Reflect  .     v - +2 pair of gloves of the Chupacabra {*Confuse +Inv rElec rC+ SInv}
SustAt .         Harm     .     (no boots)
MR     .....                    (no amulet)
Stlth  ..........               C - ring of ice
                                K - ring "Butaseaf" {Wiz +Inv rElec rF-}

@: berserking, very slightly contaminated, invisible, very quick, not resistant
to hostile enchantments, extremely unstealthy
A: fire resistance 1, low mp 1, mutation resistance 1, screaming 1, weak 1
a: Renounce Religion, Turn Visible


You were on level 11 of the Dungeon.
You worshipped Nemelex Xobeh.
Nemelex Xobeh was pleased with you.
You were not hungry.

You visited 2 branches of the dungeon, and saw 12 of its levels.
You also visited: Sewer.

You collected 755 gold pieces.

Inventory:

Hand Weapons
 g - a +6 hunting sling
 n - a +2 hand axe of venom (weapon)
Missiles
 e - 322 stones (quivered)
 l - 4 tomahawks of returning
 G - 144 sling bullets
Armour
 c - a +0 shield (worn)
 v - the +2 pair of gloves of the Chupacabra (worn) {*Confuse +Inv rElec rC+ SInv}
   (You found it on level 4 of the Dungeon)

   It protects you from cold.
   It insulates you from electricity.
   It lets you see invisible.
   It lets you turn invisible.
   It may confuse you when you take damage.
 J - a +2 helmet (worn)
 Q - a +4 plate armour (worn)
Rods
 B - a +1 iron rod (12/12)
   (You found it on level 5 of the Dungeon)
Jewellery
 C - a ring of ice (right hand)
 K - the ring "Butaseaf" (left hand) {Wiz +Inv rElec rF-}
   (You found it on level 7 of the Dungeon)

   [ring of wizardry]

   It improves your spell success rate.
   It makes you vulnerable to fire.
   It insulates you from electricity.
   It lets you turn invisible.
Wands
 j - a wand of teleportation (8/9)
 u - a wand of heal wounds (0/9)
 y - a wand of flame (13/48)
 D - a wand of random effects (21/48)
Scrolls
 a - a scroll of magic mapping
 p - a scroll of fog
 z - 2 scrolls of remove curse
 A - 3 scrolls of amnesia
 E - 4 scrolls of teleportation
 L - 2 scrolls of blinking
 N - 2 scrolls of identify
Potions
 b - 2 potions of berserk rage
 k - a potion of magic
 t - 2 potions of flight
Miscellaneous
 f - a plain deck of defence {drawn: 1}
 m - a plain deck of war {drawn: 5}
 o - a disc of storms
 s - a plain deck of war
 w - an ornate deck of escape {drawn: 1}
 I - a plain deck of destruction {drawn: 2}
Comestibles
 d - 4 bread rations
 h - 9 meat rations


   Skills:
 * Level 6.5 Fighting
 * Level 5.6 Axes
 * Level 18.2 Slings
 * Level 8.1 Armour
 - Level 1.2 Dodging
 - Level 0.2 Stealth
 * Level 8.8 Shields
 + Level 1.0 Evocations


You had 11 spell levels left.
You didn't know any spells.

Dungeon Overview and Level Annotations

Branches:
Dungeon (11/15)            Temple (0/1) D:7            Lair (1/8) D:8
    Orc (0/2) D:9

Altars:
Ashenzari
Cheibriados
Dithmenos
Elyvilon
Fedhas
Gozag
Nemelex Xobeh
Okawaru
Pakellas
Ru
Sif Muna
Vehumet
Xom
Zin
The Shining One
Beogh


Innate Abilities, Weirdness & Mutations

You are small and have problems with some larger weapons.
You are somewhat resistant to further mutation.
Your flesh is heat resistant.
Your magical capacity is low (-10% MP).
You occasionally shout uncontrollably at your foes.
You are weak. (Str -2)


Message History

The hill giant is moderately wounded.
The hill giant closely misses you.
Evoke which item? (* to show all) (? for menu, Esc to quit)
You draw a card...
It is the Cloud.
Clouds appear around you!
Okay, then.
You fail to use your ability.
You block the hill giant's attack.
You fail to use your ability.
The hill giant barely misses you.
You fade into invisibility!
You are very lightly contaminated with residual magic.
You feel quite a bit more hungry.
The hill giant hits you with a giant club!
* * * LOW HITPOINT WARNING * * *
Drink which item? (? for menu, Esc to quit)
A red film seems to cover your vision as you go berserk!
You feel yourself moving faster!
You feel mighty!
Your shield and plate armour prevent you from hitting the hill giant.
The hill giant is severely wounded.
The hill giant hits you with a giant club!
You die...
Your body glows slightly and disappears.

...######......#
...............#
...............####
...................
.................##
#######.†<.......#
......#.....>....#
......#.##'###+#.#
......#.#......#@#
......#.#......#C#
......#.#......'O#
♣♣♣♣♣♣♣.#......#.#
♣♣#......#.#
#......#.#######
######+#........
...............
...............


You could see a hill giant and a two-headed ogre.

Vanquished Creatures
  Gastronok (D:9)
  Urug (D:10)
  The ghost of magog001 the Slinger, a novice CeHu of Nemelex Xobeh (D:8)
  An unseen horror (D:10)
  A hill giant (D:11)
  A spiny frog (Lair:1)
  3 komodo dragons (D:8)
  5 trolls
  A yak (D:9)
  2 wyverns (D:10)
  5 humans (D:6)
  A wraith (D:10)
  A steam dragon (D:8)
  A porcupine (D:8)
  Purgy (Sewer)
  3 ice beasts
  A sky beast (D:5)
  7 orc warriors
  3 phantoms
  8 ogres
  A crocodile (D:8)
  3 centaurs
  6 big kobolds (D:8)
  5 giant frogs
  Blork the orc (D:5)
  2 scorpions
  2 water moccasin skeletons
  19 killer bees
  5 wights
  4 howler monkeys
  6 crimson imps
  A quasit (D:10)
  A centaur zombie (D:7)
  10 hounds
  4 jellies
  4 centaur skeletons
  4 orc priests
  A giant frog skeleton (D:10)
  3 iguanas (D:8)
  14 orc wizards
  12 worker ants
  A killer bee zombie (D:8)
  A hound zombie (D:6)
  A hound skeleton (D:5)
  A worker ant zombie (D:6)
  13 adders
  2 shadow imps
  An adder skeleton (D:6)
  A worm (D:3)
  3 dart slugs
  6 giant geckos
  64 orcs
  6 giant cockroaches
  8 hobgoblins
  17 jackals
  9 quokkas
  18 bats
  A giant gecko skeleton (D:8)
  8 giant newts
  9 goblins
  12 kobolds
  A quokka skeleton (D:4)
  8 rats
347 creatures vanquished.

Vanquished Creatures (collateral kills)
  A water moccasin (D:8)
  2 big kobolds (D:8)
  A giant frog (D:8)
  4 gnolls (D:8)
  An adder (D:8)
9 creatures vanquished.

Vanquished Creatures (others)
  An orc wizard (D:4)
1 creature vanquished.

Grand Total: 357 creatures vanquished

Notes
Turn   | Place    | Note
--------------------------------------------------------------
     0 | D:1      | magog001 the Halfling Fighter began the quest for the Orb.
     0 | D:1      | Reached XP level 1. HP: 15/15 MP: 1/1
   207 | D:1      | Reached XP level 2. HP: 20/20 MP: 2/2
   759 | D:1      | Reached XP level 3. HP: 24/25 MP: 3/3
  1185 | D:2      | Found a blossoming altar of Fedhas.
  1447 | D:2      | Found an oddly glowing altar of Pakellas.
  1817 | D:2      | Found a shattered altar of Ashenzari.
  1858 | D:2      | Reached XP level 4. HP: 30/31 MP: 4/4
  2429 | D:3      | Reached skill level 1 in Dodging
  2452 | D:3      | Found a radiant altar of Vehumet.
  2609 | D:3      | Reached skill level 2 in Slings
  2609 | D:3      | Reached XP level 5. HP: 34/36 MP: 5/5
  2735 | D:3      | Reached skill level 3 in Slings
  2918 | D:3      | Reached XP level 6. HP: 38/42 MP: 6/6
  3272 | D:3      | Reached skill level 4 in Slings
  3307 | D:4      | Noticed a phantom
  3326 | D:4      | Killed a phantom
  3326 | D:4      | Reached skill level 5 in Slings
  3422 | D:4      | Found a white marble altar of Elyvilon.
  3422 | D:4      | Found a glowing golden altar of the Shining One.
  3423 | D:4      | Found a glowing silver altar of Zin.
  3444 | D:4      | Reached skill level 5 in Shields
  3444 | D:4      | Reached XP level 7. HP: 44/46 MP: 7/7
  3510 | D:4      | Reached skill level 6 in Slings
  3697 | D:4      | Reached skill level 7 in Slings
  3814 | D:4      | Found a deep blue altar of Sif Muna.
  4145 | D:4      | Reached XP level 8. HP: 54/54 MP: 8/8
  4169 | D:4      | Reached skill level 8 in Slings
  4221 | D:4      | Got a pair of transparent gloves
  4227 | D:4      | Identified the +2 pair of gloves of the Chupacabra {*Confuse +Inv rElec rC+ SInv} (You found it on level 4 of the Dungeon)
  4354 | D:4      | Reached skill level 9 in Slings
  4541 | D:5      | Entered Level 5 of the Dungeon
  4541 | D:5      | Noticed Blork the orc
  4547 | D:5      | Killed Blork the orc
  4687 | D:5      | Reached skill level 10 in Slings
  4698 | D:5      | Gained mutation: You occasionally shout uncontrollably at your foes. [mutagenic meat]
  4699 | D:5      | Gained mutation: Your flesh is heat resistant. [mutagenic meat]
  4701 | D:5      | Gained mutation: Your magical capacity is low (-10% MP). [mutagenic meat]
  4748 | D:5      | Found a glowing drain.
  4794 | Sewer    | Entered a sewer
  4862 | Sewer    | Noticed Purgy
  4884 | Sewer    | Killed Purgy
  5019 | D:5      | Found a snail-covered altar of Cheibriados.
  5131 | D:5      | Reached XP level 9. HP: 58/58 MP: 8/8
  5159 | D:5      | Found a sparkling altar of Nemelex Xobeh.
  5177 | D:5      | Became a worshipper of Nemelex Xobeh the Trickster
  5374 | D:5      | Reached skill level 5 in Armour
  5385 | D:5      | You fall through a shaft for 2 floors!
  5385 | D:7      | Found a staircase to the Ecumenical Temple.
  5399 | D:7      | Reached skill level 11 in Slings
  5561 | D:6      | Received a gift from Nemelex Xobeh
  5605 | D:6      | Reached skill level 12 in Slings
  5917 | D:6      | Found a snail-covered altar of Cheibriados.
  6060 | D:5      | You fall through a shaft for 2 floors!
  6162 | D:6      | Reached XP level 10. HP: 63/65 MP: 9/9
  6377 | D:6      | Reached skill level 13 in Slings
  6389 | D:6      | Reached skill level 5 in Fighting
  6497 | D:6      | Got a slimy long sword {drain}
  6574 | D:6      | Identified the +3 long sword "Rupag" {drain, *Drain +Inv rElec rN+++} (You took it off an orc on level 6 of the Dungeon)
  6708 | D:6      | Reached * piety under Nemelex Xobeh
  7129 | D:7      | Got a pitted tin ring
  7168 | D:7      | Identified the ring "Butaseaf" {Wiz +Inv rElec rF-} (You found it on level 7 of the Dungeon)
  7183 | D:7      | Found an iron altar of Okawaru.
  7372 | D:8      | Reached skill level 14 in Slings
  7412 | D:8      | Found an opulent altar of Gozag.
  7545 | D:7      | Received a gift from Nemelex Xobeh
  8051 | D:8      | Found a shimmering altar of Xom.
  8788 | D:8      | Noticed a komodo dragon
  8803 | D:8      | Killed a komodo dragon
  8808 | D:8      | Noticed magog001's ghost (novice CeHu)
  8839 | D:8      | Killed magog001's ghost
  8839 | D:8      | Reached skill level 15 in Slings
  8839 | D:8      | Reached XP level 11. HP: 58/72 MP: 10/10
  9192 | D:8      | Found a staircase to the Lair.
  9244 | D:8      | Gained mutation: You are weak. (Str -2) [potion of mutation]
  9254 | Lair:1   | Entered Level 1 of the Lair of Beasts
  9285 | D:8      | Reached skill level 16 in Slings
  9571 | D:9      | Found a shadowy altar of Dithmenos.
  9778 | D:9      | Found a roughly hewn altar of Beogh.
  9790 | D:9      | Found a staircase to the Orcish Mines.
  9939 | D:9      | Reached skill level 1 in Evocations
  9983 | D:9      | Reached ** piety under Nemelex Xobeh
 10393 | D:9      | Noticed Gastronok
 10426 | D:9      | Killed Gastronok
 10426 | D:9      | Reached skill level 5 in Axes
 10426 | D:9      | Reached skill level 17 in Slings
 10497 | D:9      | Received a gift from Nemelex Xobeh
 10774 | D:9      | Found a sacrificial altar of Ru.
 10939 | D:10     | Entered Level 10 of the Dungeon
 11115 | D:10     | Reached XP level 12. HP: 79/79 MP: 11/11
 11281 | D:10     | Received a gift from Nemelex Xobeh
 11523 | D:10     | Noticed Urug
 11551 | D:10     | Killed Urug
 11565 | D:10     | Noticed an unseen horror
 11571 | D:10     | Killed an unseen horror
 11929 | D:10     | Identified a scroll of acquirement
 12204 | D:10     | Reached skill level 18 in Slings
 12970 | D:11     | HP: 4/80 [hill giant/giant club (17)]
 12972 | D:11     | Slain by a hill giant

Skill      XL: |  1  2  3  4  5  6  7  8  9 10 11 12 |
---------------+-------------------------------------+-----
Fighting       | 3 4 5 6 |  6.5
Shields        | 4 5 6 7 8 |  8.8
Axes           | 2 3 4 5 |  5.6
Dodging        | 1 |  1.2
Slings         | 2 3 5 7 10 12 15 17 18 | 18.2
Armour         | 4 5 6 7 8 |  8.1
Evocations     | 1 |  1.0
Stealth        | |  0.2

Action                   |  1- 3 |  4- 6 |  7- 9 | 10-12 || total
-------------------------+-------+-------+-------+-------++-------
Melee: War axe           |    61 |       |       |       ||    61
       Hand axe          |    94 |    22 |    59 |   230 ||   405
 Fire: Hunting sling     |       |   131 |   278 |   644 ||  1053
Throw: Stone             |       |     4 |       |       ||     4
 Abil: Evoke Invisibilit |       |       |       |     2 ||     2
Evoke: Rod               |       |       |     2 |       ||     2
       Deck              |       |       |       |     9 ||     9
       Wand              |       |       |       |     4 ||     4
       Disc of storms    |       |       |       |     1 ||     1
  Use: Scroll            |       |     5 |     6 |    12 ||    23
       Potion            |       |       |     3 |    13 ||    16
  Eat: Chunk             |     3 |     3 |     6 |     7 ||    19
       Beef jerky        |       |     1 |       |     2 ||     3
       Royal jelly       |       |     1 |       |     2 ||     3
       Bread ration      |       |       |     2 |     1 ||     3
       Pizza             |       |       |       |     1 ||     1
Armor: Scale mail        |    44 |       |       |       ||    44
       Chain mail        |   131 |    44 |    55 |    55 ||   285
       Plate armour      |       |       |    39 |   274 ||   313
Dodge: Dodged            |   106 |    25 |    26 |    99 ||   256
Block: Shield            |   180 |    51 |    92 |   336 ||   659
